 Dungeon Crawl Stone Soup version 0.18.1-48-g4cf74bf (webtiles) character file.

163350 Peloso the Peltast (level 17, 0/157 HPs)
             Began as a Minotaur Fighter on Sept 8, 2016.
             Was the Champion of Okawaru.
             Slain by a tarantella (20 damage)
             ... on level 4 of the Spider Nest.
             The game lasted 01:56:58 (32434 turns).

Peloso the Peltast (Minotaur Fighter)              Turns: 32434, Time: 01:57:06

Health: 0/157      AC: 41    Str: 32    XL:     17   Next: 23%
Magic:  17/17      EV: 11    Int:  5    God:    Okawaru [******]
Gold:   2229       SH: 19    Dex: 26    Spells: 0 memorised, 16 levels left

rFire  + . .     SeeInvis +     B - +4 demon blade (protect)
rCold  + . .     Gourm    .     a - +3 gold dragon armour
rNeg   + . .     Faith    +     X - +0 shield of Duty {Dex+6}
rPois  +         Spirit   .     H - +2 hat {MR+}
rElec  .         Dismiss  .     p - +3 cloak "Hubofidgh" {Str+3 Dex+4}
rCorr  .         Reflect  .     b - +1 pair of gloves {Dex+3}
SustAt .         Harm     .     u - +2 pair of boots
MR     ++++.                    Q - amulet of faith
Stlth  ..........               V - ring "Podih" {rN+ MR++ SInv}
                                k - +4 ring of strength

@: lethally poisoned (0 -> -11), incredibly resistant to hostile enchantments,
extremely unstealthy
A: retaliatory headbutt, horns 2
a: Heroism, Finesse, Renounce Religion


You were on level 4 of the Spider Nest.
You worshipped Okawaru.
Okawaru was exalted by your worship.
You were hungry.

You visited 6 branches of the dungeon, and saw 31 of its levels.
You also visited: Ice Cave.

You collected 3846 gold pieces.
You spent 1617 gold pieces at shops.

Inventory:

Hand Weapons
 c - a +3 hand axe of flaming
 w - a +1 scimitar of slicing
 B - a +4 demon blade of protection (weapon)
Armour
 a - a +3 gold dragon armour (worn)
 b - a +1 pair of gloves of dexterity (worn)
 p - the +3 cloak "Hubofidgh" (worn) {Str+3 Dex+4}
   (Okawaru gifted it to you on level 8 of the Lair of Beasts)

   It affects your strength (+3).
   It affects your dexterity (+4).
 u - a +2 pair of boots (worn)
 H - a +2 hat of magic resistance (worn)
 X - the +0 shield of Duty (worn) {Dex+6}
   (You found it on level 8 of the Lair of Beasts)

   It affects your dexterity (+6).
Jewellery
 k - a +4 ring of strength (left hand)
 m - an uncursed amulet of guardian spirit
 x - an uncursed ring of protection from cold
 I - an uncursed ring of protection from cold
 J - an uncursed amulet of the gourmand
 Q - an amulet of faith (around neck)
 V - the ring "Podih" (right hand) {rN+ MR++ SInv}
   (You bought it in a shop on level 2 of the Orcish Mines)

   [ring of positive energy]

   It protects you from negative energy.
   It affects your resistance to hostile enchantments.
   It lets you see invisible.
 Y - an uncursed ring of fire
Wands
 g - a wand of flame (22/48)
 i - a wand of disintegration (8/24)
 q - a wand of disintegration (23/24)
 s - a wand of slowing (15/48)
 A - a wand of paralysis (3/24)
 K - a wand of polymorph (7/24)
 R - a wand of disintegration (11/24)
Scrolls
 e - 2 scrolls of identify
 h - 13 scrolls of remove curse
 l - 8 scrolls of teleportation
 r - 4 scrolls of fear
 y - 9 scrolls of magic mapping
 L - 2 scrolls of recharging
 Z - a scroll of blinking
Potions
 d - 2 potions of might
 j - 7 potions of heal wounds
 t - 7 potions of curing
 z - 8 potions of flight
 D - 4 potions of agility
 E - a potion of brilliance
 F - 3 potions of haste
 G - a potion of resistance
 P - 3 potions of invisibility
 T - 7 potions of berserk rage
Books
 C - a book of Air

   Spells                             Type                      Level
   a - Shock                          Conjuration/Air              1
   b - Swiftness                      Charms/Air                   2
   c - Repel Missiles                 Charms/Air                   2
   d - Static Discharge               Conjuration/Air              3
   e - Lightning Bolt                 Conjuration/Air              5
Comestibles
 f - 18 bread rations
 n - 5 beef jerkies
 o - 12 meat rations
 v - 32 fruits
 M - 10 slices of pizza
 N - 13 royal jellies


   Skills:
 + Level 15.6 Fighting
 + Level 19.3 Long Blades
 + Level 1.3 Axes
 + Level 14.9 Armour
 + Level 5.3 Dodging
 + Level 1.4 Stealth
 + Level 20.6 Shields
 + Level 2.4 Invocations
 + Level 0.5 Evocations


You had 16 spell levels left.
You didn't know any spells.

Dungeon Overview and Level Annotations

Branches:
Dungeon (15/15)            Temple (1/1) D:7            Lair (8/8) D:11
  Swamp (0/4) Lair:4       Spider (4/4) Lair:5        Slime (0/6) Lair:8
    Orc (2/2) D:9             Elf (1/3) Orc:2        Vaults (0/5) D:13
 Depths (0/5) D:15

Altars:
Cheibriados
Elyvilon
Fedhas
Gozag
Kikubaaqudgha
Makhleb
Okawaru
Qazlal
Ru
Sif Muna
Trog
Vehumet
Xom
Yredelemnul
Zin
Beogh

Shops:
D:4 %   D:5 (%[   D:10 *   Orc:2 [*=

Portals:
Trove: D:14 (give +3 ice dragon armour)


Innate Abilities, Weirdness & Mutations

You reflexively headbutt those who attack you in melee.
You have a pair of horns on your head.


Message History

You headbutt the wolf spider, but do no damage.
You block the wolf spider's attack. The wolf spider barely misses you.
You block the wolf spider's attack. The wolf spider hits you!
* * * LOW HITPOINT WARNING * * *
You block the wolf spider's attack. The wolf spider misses you.
You furiously retaliate!
You headbutt the wolf spider.
The wolf spider bites you but does no damage.
The tarantella bites you but does no damage.
The wolf spider hits you but does no damage.
You block the wolf spider's attack. The wolf spider misses you.
You furiously retaliate!
You headbutt the wolf spider. The wolf spider closely misses you.
You completely miss the wolf spider.
The wolf spider is almost dead.
You feel sick. You block the tarantella's attack.
The wolf spider closely misses you. You block the wolf spider's attack. x2
The wolf spider closely misses you. The wolf spider hits you!!
* * * LOW HITPOINT WARNING * * *
You block the wolf spider's attack. The tarantella bites you!!
You die...

≈†^## #≈≈.≈###≈≈#
≈.≈# *#≈≈≈.≈.#≈≈#
.≈##*#.≈#≈....≈≈#
≈.###.!.###≈...##
≈.≈###^.# ##≈..^##
#≈.≈≈####**#....≈#
##^..≈# *,*##.≈..##
##≈†..##*,* ###≈.s#
#.##≈.≈#*+****##@†#
..##..≈#*,,,,*#sss#
..≈≈..≈#*,,,,*#≈.;#**
.....≈##*,,,**###..,*
#...†≈##*,,*+,,**.ss*
##≈...^#*,,*+,,,,..≈#
##≈≈.≈#*,,,**,,≈..##
###.≈#*,,,,****..#
**≈..#*,,,,* **,**


You could see 3 wolf spiders, an orb spider (fleeing), 2 tarantellas and an
electric eel (fleeing).

Vanquished Creatures
  Arachne (Spider:3)
  Jorgrun (Spider:2)
  An Ice Fiend (IceCv)
  2 emperor scorpions (Spider:1)
  An orc warlord (Orc:2)
  A ghost moth (Spider:3)
  Nessos (D:13)
  A spark wasp (Spider:2)
  The ghost of Snowbuddha the Unseen, a journeyman KoAs of Dithmenos (Lair:3)
  Snorg (Lair:5)
  Josephine (D:11)
  The ghost of GFox the Protected, a journeyman MiFi of Okawaru (D:12)
  Fannar (Lair:2)
  An entropy weaver (Spider:4)
  4 hydras
  An ice dragon (Lair:6)
  3 centaur warriors (D:13)
  An ogre mage (D:15)
  A dancing weapon (Orc:2)
  An orc high priest (Orc:2)
  6 death yaks (Lair:6)
  3 deep elf knights
  Sonja (Lair:2)
  A skeletal warrior (D:13)
  A wizard (D:15)
  A death drake (shapeshifter) (D:14)
  7 orc knights
  7 hill giants
  A lindwurm (Lair:8)
  2 deep elf archers (Elf:1)
  10 deep elf magi
  11 orb spiders
  2 manticores
  3 orc sorcerers
  4 cyclopes
  10 ugly things
  3 griffons
  4 oklob plants (Lair:2)
  20 wolf spiders
  3 hornets
  A moth of wrath (Spider:4)
  20 elephants
  Joseph (D:7)
  A guardian serpent (Lair:8)
  An ice statue (IceCv)
  A naga mage (D:15)
  2 molten gargoyles (D:12)
  A torpor snail (Lair:8)
  14 black mambas
  2 gargoyles
  15 spiny frogs
  4 anaconda simulacra (IceCv)
  11 demonic crawlers
  3 rime drakes
  4 centaur skeletons
  3 freezing wraiths (IceCv)
  2 kobold demonologists (D:15)
  6 ice devils (IceCv)
  6 komodo dragons
  2 golden dragon simulacra (IceCv)
  11 polar bears
  30 jumping spiders
  8 trolls
  A giant leech (Lair:4)
  A guardian mummy (D:14)
  6 two-headed ogres
  2 slime creatures
  16 blink frogs
  Prince Ribbit (D:7)
  6 raiju (Lair:8)
  6 boulder beetles
  40 redbacks
  20 tarantellas
  A vampire (D:13)
  A fire elemental (D:10)
  6 dire elephant simulacra (IceCv)
  9 wyverns
  5 wraiths
  3 basilisks
  38 yaks
  9 vampire mosquitoes
  2 hungry ghosts (D:12)
  Menkaure (D:5)
  14 hippogriffs
  10 wargs
  Edmund (D:5)
  2 harpy simulacra (IceCv)
  An iron troll simulacrum (IceCv)
  3 hydra simulacra (IceCv)
  15 water moccasins
  4 hell hounds (Lair:8)
  14 porcupines
  39 orc warriors
  7 ice beasts
  6 sky beasts
  An ettin simulacrum (IceCv)
  A phantom (D:5)
  21 ogres
  14 black bears
  4 wasps (Lair:8)
  A boggart (D:13)
  22 wolves
  11 centaurs
  15 crocodiles
  6 big kobolds
  Blork the orc (Orc:2)
  19 giant frogs
  An earth elemental (D:10)
  3 wyvern skeletons
  5 scorpions
  A swamp dragon simulacrum (IceCv)
  8 killer bees (D:11)
  11 wights
  2 electric eels (Spider:2)
  8 howler monkeys
  5 lava snakes (D:12)
  5 centaur zombies
  3 crimson imps
  A draconian simulacrum (IceCv)
  3 jellies
  20 hounds
  A giant frog skeleton (D:5)
  31 orc priests
  23 orc wizards
  3 iron imps (D:6)
  6 iguanas
  17 worker ants
  A polar bear simulacrum (IceCv)
  6 spriggan simulacra (IceCv)
  3 troll simulacra (IceCv)
  37 sheep
  A centaur simulacrum (IceCv)
  A howler monkey skeleton (D:7)
  A naga simulacrum (IceCv)
  18 adders
  4 ogre simulacra (IceCv)
  70 river rats
  3 shadow imps
  20 white imps
  5 ufetubi (IceCv)
  2 oozes
  6 worms
  2 dart slugs
  3 giant geckos
  116 orcs
  2 ball pythons
  2 giant cockroaches
  5 goblins
  6 hobgoblins
  13 jackals
  21 kobolds
  4 quokkas
  7 bats
  5 giant newts
  7 rats
  A fungus (Lair:1)
  2 plants (Lair:8)
1212 creatures vanquished.

Vanquished Creatures (others)
  An air elemental (D:10)
  A water elemental (D:10)
  9 fungi
  11 plants
22 creatures vanquished.

Grand Total: 1234 creatures vanquished

Notes
Turn   | Place    | Note
--------------------------------------------------------------
     0 | D:1      | Peloso the Minotaur Fighter began the quest for the Orb.
     0 | D:1      | Reached XP level 1. HP: 19/19 MP: 0/0
   256 | D:1      | Reached XP level 2. HP: 25/27 MP: 1/1
   646 | D:2      | Reached skill level 4 in Shields
   647 | D:2      | Reached XP level 3. HP: 31/33 MP: 2/2
   997 | D:2      | Found a deep blue altar of Sif Muna.
  1193 | D:3      | Noticed a black bear
  1202 | D:3      | Killed a black bear
  1202 | D:3      | Reached skill level 5 in Armour
  1202 | D:3      | Reached skill level 5 in Shields
  1202 | D:3      | Reached XP level 4. HP: 25/41 MP: 1/3
  1202 | D:3      | Reached XP level 5. HP: 29/47 MP: 1/4
  2235 | D:3      | Found an ancient bone altar of Kikubaaqudgha.
  2275 | D:3      | Noticed an ogre
  2284 | D:3      | Killed an ogre
  2284 | D:3      | Reached skill level 5 in Fighting
  2284 | D:3      | Reached XP level 6. HP: 29/56 MP: 2/5
  2640 | D:4      | Found a stormy altar of Qazlal.
  2645 | D:4      | Found a blossoming altar of Fedhas.
  2746 | D:4      | Reached skill level 6 in Shields
  2866 | D:4      | Found Wogihus's Food Shoppe.
  3029 | D:4      | Reached skill level 1 in Dodging
  3555 | D:4      | Found a white marble altar of Elyvilon.
  3732 | D:5      | Entered Level 5 of the Dungeon
  3734 | D:5      | Reached XP level 7. HP: 61/61 MP: 6/6
  3783 | D:5      | Noticed Edmund
  3800 | D:5      | Killed Edmund
  3815 | D:5      | Reached skill level 7 in Shields
  3974 | D:5      | Found Zuc Weogh's Weapon Emporium.
  4034 | D:5      | Got a crude hand crossbow
  4035 | D:5      | Identified the +3 hand crossbow "Zeshrar" {elec, +Inv rC+ MP+9} (You found it on level 5 of the Dungeon)
  4072 | D:5      | Found Daeshurch's Food Shoppe.
  4253 | D:5      | Reached XP level 8. HP: 50/70 MP: 4/7
  4271 | D:5      | Reached skill level 5 in Long Blades
  4307 | D:5      | Noticed Menkaure
  4312 | D:5      | Killed Menkaure
  4708 | D:5      | Found Gidghaliph's Armour Shop.
  4711 | D:5      | Bought a +2 hat of magic resistance for 294 gold pieces
  4856 | D:5      | Reached skill level 8 in Shields
  5272 | D:6      | Found a burning altar of Makhleb.
  5619 | D:7      | Reached skill level 9 in Shields
  5619 | D:7      | Reached XP level 9. HP: 75/79 MP: 8/8
  5669 | D:7      | Noticed Joseph
  5692 | D:7      | Killed Joseph
  5762 | D:7      | Found a staircase to the Ecumenical Temple.
  5775 | Temple   | Entered the Ecumenical Temple
  5779 | Temple   | Became a worshipper of Warmaster Okawaru
  5836 | D:7      | Noticed Prince Ribbit
  5845 | D:7      | Killed Prince Ribbit
  5917 | D:7      | Reached skill level 10 in Shields
  6142 | D:8      | Reached * piety under Okawaru
  6369 | D:8      | Reached XP level 10. HP: 88/88 MP: 7/9
  6410 | D:8      | Noticed a three-headed hydra
  6416 | D:8      | Killed a one-headed hydra
  6416 | D:8      | Reached ** piety under Okawaru
  6416 | D:8      | Reached skill level 11 in Shields
  6943 | D:9      | Found a staircase to the Orcish Mines.
  7353 | D:9      | Reached *** piety under Okawaru
  7438 | D:9      | Found a glowing silver altar of Zin.
  7438 | D:9      | Found a basalt altar of Yredelemnul.
  7563 | D:10     | Entered Level 10 of the Dungeon
  7569 | D:10     | Found Hoah's Assorted Antiques.
  7577 | D:10     | Bought a scroll labeled GAUMEV VOSOCVA for 25 gold pieces
  7580 | D:10     | Bought a scroll labeled XEOF ORCHUTZIO for 25 gold pieces
  7764 | D:10     | Reached skill level 10 in Armour
  7764 | D:10     | Reached skill level 12 in Shields
  7792 | D:10     | Found a large runed door.
  7793 | D:10     | Found a large runed door.
  8150 | D:10     | Reached **** piety under Okawaru
  8150 | D:10     | Reached skill level 10 in Long Blades
  8312 | D:10     | Reached XP level 11. HP: 97/97 MP: 7/10
  8357 | D:11     | Noticed a red ugly thing
  8561 | D:11     | Killed a red ugly thing
  8664 | D:11     | Found a sacrificial altar of Ru.
  8677 | D:11     | Noticed a white ugly thing
  8687 | D:11     | Killed a white ugly thing
  8950 | D:11     | Noticed a cyan ugly thing
  8960 | D:11     | Killed a cyan ugly thing
  9008 | D:11     | Noticed Josephine
  9024 | D:11     | Killed Josephine
  9061 | D:11     | Reached skill level 10 in Fighting
  9096 | D:11     | Noticed a hill giant
  9107 | D:11     | Killed a hill giant
  9107 | D:11     | Reached ***** piety under Okawaru
  9152 | D:11     | Reached skill level 13 in Shields
  9234 | D:11     | Noticed a hill giant
  9240 | D:11     | Killed a hill giant
  9348 | D:11     | Found a staircase to the Lair.
  9563 | Lair:1   | Entered Level 1 of the Lair of Beasts
  9940 | Lair:1   | Reached XP level 12. HP: 85/107 MP: 11/11
 10660 | Lair:1   | Received a gift from Okawaru
 10872 | Lair:2   | Reached skill level 14 in Shields
 10880 | Lair:2   | Noticed a five-headed hydra
 10890 | Lair:2   | Killed a one-headed hydra
 10947 | Lair:2   | Noticed Fannar
 10965 | Lair:2   | Killed Fannar
 11032 | Lair:2   | Found a shimmering altar of Xom.
 11123 | Lair:2   | Noticed Sonja
 11134 | Lair:2   | Killed Sonja
 11762 | Lair:3   | Reached skill level 1 in Invocations
 12322 | Lair:3   | Noticed Snowbuddha's ghost (journeyman KoAs)
 12375 | Lair:3   | Killed Snowbuddha's ghost
 12794 | Lair:3   | Reached ****** piety under Okawaru
 13269 | Lair:4   | Reached XP level 13. HP: 69/117 MP: 12/12
 13477 | Lair:4   | Found a staircase to the Swamp.
 13754 | Lair:4   | Reached skill level 15 in Shields
 14293 | Lair:5   | Reached skill level 1 in Axes
 14295 | Lair:5   | Found a hole to the Spider Nest.
 14708 | Lair:5   | Noticed Snorg
 14724 | Lair:5   | Killed Snorg
 15349 | Lair:6   | Received a gift from Okawaru
 16011 | Lair:6   | Received a gift from Okawaru
 16017 | Lair:6   | Reached skill level 16 in Shields
 17105 | Lair:7   | Reached XP level 14. HP: 116/127 MP: 13/13
 17353 | Lair:8   | Entered Level 8 of the Lair of Beasts
 17475 | Lair:8   | Received a gift from Okawaru
 17786 | Lair:8   | Reached skill level 15 in Long Blades
 18137 | Lair:8   | Got a distressingly furry shield
 18149 | Lair:8   | Identified the +0 shield of Duty {Dex+6} (You found it on level 8 of the Lair of Beasts)
 18218 | Lair:8   | Reached skill level 17 in Shields
 18478 | Lair:8   | Found a staircase to the Slime Pits.
 18562 | Lair:8   | Received a gift from Okawaru
 18579 | Lair:8   | Got an ichor-stained cloak {god gift}
 18590 | Lair:8   | Identified the +3 cloak "Hubofidgh" {Str+3 Dex+4} (Okawaru gifted it to you on level 8 of the Lair of Beasts)
 18780 | Lair:8   | Reached skill level 1 in Stealth
 20125 | D:12     | Noticed GFox's ghost (journeyman MiFi)
 20131 | D:12     | Found a white marble altar of Elyvilon.
 20152 | D:12     | Reached skill level 5 in Dodging
 20164 | D:12     | Killed GFox's ghost
 20368 | D:12     | Reached skill level 18 in Shields
 20586 | D:13     | Reached XP level 15. HP: 137/137 MP: 14/14
 20689 | D:13     | Received a gift from Okawaru
 21014 | D:13     | Noticed Nessos
 21024 | D:13     | Killed Nessos
 21146 | D:13     | Found a snail-covered altar of Cheibriados.
 21219 | D:13     | Found a gate to the Vaults.
 21592 | D:14     | Found a portal to a secret trove of treasure.
 22164 | D:15     | Entered Level 15 of the Dungeon
 22524 | D:15     | Found a bloodstained altar of Trog.
 22967 | D:15     | Paralysed by an orc sorcerer for 5 turns
 22989 | D:15     | Received a gift from Okawaru
 23011 | D:15     | Found a staircase to the Depths.
 23328 | Orc:1    | Entered Level 1 of the Orcish Mines
 23550 | Orc:2    | Entered Level 2 of the Orcish Mines
 23550 | Orc:2    | Found a staircase to the Elven Halls.
 23627 | Orc:1    | Reached skill level 19 in Shields
 23757 | Orc:2    | Found a roughly hewn altar of Beogh.
 23925 | Orc:2    | Noticed Blork the orc
 23937 | Orc:2    | Killed Blork the orc
 24022 | Orc:2    | Found a roughly hewn altar of Beogh.
 24025 | Orc:2    | Noticed an orc warlord
 24214 | Orc:2    | Killed an orc warlord
 24299 | Orc:2    | Found Xihol's General Store.
 24352 | Orc:2    | Found Qinog's Jewellery Boutique.
 24368 | Orc:2    | Found Kaca's Antique Weapon Boutique.
 24383 | Orc:2    | Found Zyagg's Antique Armour Boutique.
 24410 | Orc:2    | Bought the ring "Podih" {rN+ MR++ SInv} for 633 gold pieces
 24589 | Orc:2    | Bought an uncursed amulet of faith for 640 gold pieces
 26019 | Lair:2   | Reached XP level 16. HP: 99/147 MP: 14/16
 26535 | Elf:1    | Entered Level 1 of the Elven Halls
 26867 | Elf:1    | Received a gift from Okawaru
 27767 | Spider:1 | Entered Level 1 of the Spider Nest
 29043 | Spider:2 | Reached skill level 15 in Fighting
 29253 | Spider:2 | Noticed Jorgrun
 29265 | Spider:2 | Killed Jorgrun
 29265 | Spider:2 | Received a gift from Okawaru
 29809 | Spider:3 | Reached skill level 20 in Shields
 30319 | Spider:3 | Noticed Arachne
 30337 | Spider:3 | Killed Arachne
 30337 | Spider:3 | Received a gift from Okawaru
 30619 | Spider:4 | Entered Level 4 of the Spider Nest
 30688 | Spider:4 | Found a frozen archway.
 30737 | IceCv    | Entered an ice cave
 30891 | IceCv    | Reached XP level 17. HP: 146/156 MP: 17/17
 31194 | IceCv    | Noticed an Ice Fiend
 31221 | IceCv    | Killed an Ice Fiend
 32434 | Spider:4 | Slain by a tarantella

Skill      XL: |  1  2  3  4  5  6  7  8  9 10 11 12 13 14 15 16 |
---------------+-------------------------------------------------+-----
Fighting       | 4 5 6 7 8 9 10 11 12 13 14 15 | 15.6
Armour         | 4 5 6 8 9 10 11 12 13 14 | 14.9
Shields        | 4 5 6 7 9 10 12 13 14 16 18 19 20 | 20.6
Long Blades    | 3 4 6 8 10 12 13 14 16 17 19 | 19.3
Dodging        | 1 2 3 4 5 |  5.3
Invocations    | 1 2 |  2.4
Axes           | 1 |  1.3
Stealth        | 1 |  1.4
Evocations     | |  0.5

Action                   |  1- 3 |  4- 6 |  7- 9 | 10-12 | 13-15 | 16-18 || total
-------------------------+-------+-------+-------+-------+-------+-------++-------
Melee: Long sword        |    96 |   119 |   310 |   204 |   456 |       ||  1185
       Headbutt          |    16 |    24 |    85 |   253 |   570 |   294 ||  1242
       Scimitar          |       |       |       |   740 |   132 |       ||   872
       Hand axe          |       |       |       |    26 |     9 |       ||    35
       Demon blade       |       |       |       |       |  1230 |   786 ||  2016
Invok: Heroism           |       |       |     1 |     8 |    13 |     4 ||    26
       Finesse           |       |       |       |       |     1 |     1 ||     2
Evoke: Wand              |       |       |       |       |     3 |       ||     3
  Use: Scroll            |       |     3 |     5 |     8 |    15 |    10 ||    41
       Potion            |       |       |     1 |       |     1 |     4 ||     6
 Stab: Distracted        |       |       |       |       |     1 |       ||     1
  Eat: Chunk             |     1 |     7 |    10 |    22 |    40 |    13 ||    93
       Beef jerky        |       |       |       |     1 |       |     2 ||     3
       Fruit             |       |       |       |       |     3 |     7 ||    10
Armor: Scale mail        |     2 |       |       |       |       |       ||     2
       Plate armour      |    81 |    60 |    92 |   335 |   601 |    12 ||  1181
       Chain mail        |       |       |       |       |     1 |       ||     1
       Gold dragon armou |       |       |       |       |       |   405 ||   405
Dodge: Dodged            |    23 |    20 |    43 |   191 |   508 |   251 ||  1036
Block: Shield            |    74 |    70 |   169 |   710 |  1534 |   768 ||  3325
